 Dungeon Crawl Stone Soup version 0.29.1-15-g9cfb28693d (webtiles) character file.

Game seed: 13649050057979905500

51979 yourfavgirlally the Severer (level 14, -1/128 HPs)
             Began as a Palentonga Berserker on Mar 3, 2023.
             Was an Elder of Trog.
             Killed by nerve-wracking pain
             ... invoked by an orc priest
              (4 damage)
             ... on level 2 of the Orcish Mines.
             The game lasted 01:08:25 (28050 turns).

yourfavgirlally the Severer (Palentonga Berserker) Turns: 28050, Time: 01:08:26

Health: -1/128     AC: 25    Str: 35    XL:     14   Next: 25%
Magic:  14/14      EV:  5    Int:  5    God:    Trog [****..]
Gold:   828        SH: 16    Dex: 10    Spells: 13/13 levels left

rFire   + + +      SeeInvis +   R - +1 war axe (vorpal)
rCold   + . .      Faith    .   B - +1 kite shield
rNeg    + . .      Spirit   .   F - +1 plate armour
rPois   +          Reflect  +   P - +0 helmet
rElec   .          Harm     .   i - scarf {+Inv}
rCorr   .          Rampage  .   Z - +0 pair of gloves
Will    +....                   n - +5 barding of the Glimmering Gods {rN+}
Stlth   ..........              z - amulet of reflection
HPRegen 0.31/turn               c - +6 ring of strength
MPRegen 0.14/turn               E - ring "Samp" {rPois rF+++ rC+ Str+2 Int-3 Slay+4}

@: mighty, corroded, on berserk cooldown, curled up
A: large, rugged brown scales 3, see invisible, deformed body, roll 1, armoured
tail, reflexive curl
a: Rolling Charge, Renounce Religion, Evoke Invisibility, Berserk, Trog's Hand,
Brothers in Arms


You were on level 2 of the Orcish Mines.
You worshipped Trog.
Trog was greatly pleased with you.
You visited 5 branches of the dungeon, and saw 20 of its levels.

You collected 1648 gold pieces.
You spent 820 gold pieces at shops.

Inventory:

Hand Weapons
 h - a +1 halberd of distortion
 C - a +5 hand axe
 N - a +1 demon whip of venom
 Q - a +4 battleaxe of freezing
 R - a +1 vorpal war axe (weapon)
Missiles
 g - a throwing net
Armour
 a - a +3 chain mail
 i - a scarf of invisibility (worn)
 n - the +5 barding of the Glimmering Gods (worn) {rN+}
   (You acquired it on level 9 of the Dungeon)

   rN:        It protects you from negative energy.
 B - a +1 kite shield (worn)
 F - a +1 plate armour (worn)
 I - a +0 scale mail of fire resistance
 P - a +0 helmet (worn)
 Z - a +0 pair of gloves (worn)
Jewellery
 c - a +6 ring of strength (left hand)
 t - a ring of poison resistance
 z - an amulet of reflection (around neck)
 E - the ring "Samp" (right hand) {rPois rF+++ rC+ Str+2 Int-3 Slay+4}
   (You found it on level 1 of the Lair of Beasts)

   [ring of slaying]

   Str:       It affects your strength (+2).
   Int:       It affects your intelligence (-3).
   Slay:      It affects your accuracy & damage with ranged weapons and melee
   (+4).
   rF:        It renders you almost immune to fire.
   rC:        It protects you from cold.
   rPois:     It protects you from poison.
 G - a ring of fire
 O - a ring of protection from cold
Wands
 p - a wand of digging (9)
 s - a wand of flame (61)
 v - a wand of paralysis (18)
 D - a wand of iceblast (12)
 H - a wand of mindburst (15)
Scrolls
 l - 4 scrolls of magic mapping
 u - 3 scrolls of amnesia
 w - 2 scrolls of identify
 L - 3 scrolls of noise
 S - 2 scrolls of butterflies
 W - 3 scrolls of vulnerability
 Y - a scroll of silence
Potions
 d - 2 potions of attraction
 f - 8 potions of curing
 k - 3 potions of brilliance
 m - 5 potions of mutation
 o - a potion of cancellation
 q - a potion of might
 A - 2 potions of berserk rage
 J - 5 potions of lignification
 K - a potion of haste
 M - a potion of magic
Miscellaneous
 V - a tin of tremorstones (2/2)
 X - a phial of floods (inert) (quivered)


   Skills:
 - Level 14.2 Fighting
 - Level 15.9 Axes
 + Level 9.0 Armour
 - Level 7.0 Dodging
 - Level 0.4 Stealth
 - Level 10.0 Shields


You had 13 spell levels left.
You didn't know any spells.
Your spell library contained the following spells:

 Spells                   Type           Power      Damage    Failure   Level
 Blink                    Tloc           0%         N/A       100%        2
 Static Discharge         Conj/Air       0%         3-3/arc   100%        2
 Cause Fear               Hex            0%         N/A       100%        4
 Dispel Undead            Necr           0%         3d6       100%        4
 Sticky Flame             Conj/Fire      0%         2d3       100%        4
 Manifold Assault         Tloc           0%         N/A       100%        5
 Dragon Form              Tmut           0%         N/A       100%        7
 Storm Form               Tmut/Air       0%         N/A       100%        7
 Dragon's Call            Summ           0%         N/A       100%        9


Dungeon Overview and Level Annotations

Branches:
Dungeon (12/15)            Temple (0/1) D:5            Lair (3/5) D:11
 Shoals (1/4) Lair:3        Snake (2/4) Lair:3          Orc (2/2) D:12
    Elf (0/3) Orc:2

Altars:
Ashenzari
Dithmenos
Hepliaklqana
Okawaru
Qazlal
Ru
Trog
Uskayaw
Xom
Yredelemnul

Shops:
D:8 (   D:11 !*!(   Orc:2 [   Snake:1 ((?

Annotations:
D:8 Erica
Lair:1 exclusion: 3 oklob plants
Snake:2 Vashnia


Innate Abilities, Weirdness & Mutations

You are completely covered in rugged brown scales. (AC +3, +7% HP)
You have supernaturally acute eyesight. (SInv)
Armour fits poorly on your strangely shaped body.
You can roll at nearby foes to attack.
You have a long armoured tail.
You curl defensively after being hit. (AC +7*)


Message History

You hit the rust devil. You tail-slap the rust devil!!
The rust devil is heavily wounded.
The orc high priest is engulfed in blazing flames.
The orc high priest barely misses you. The neqoxec gestures at you.
Something tries to feed on your intellect!
The rust devil hits you. The rust devil corrodes you!
The orc high priest is engulfed in blazing flames.
You block the rust devil's attack.
Roll where?
Press: ? - help, Q - select action, (/) - cycle Dir - move target, f - orc high priest
Aim: an orc high priest, wielding a +0 glaive and wearing a +2 chain mail of fire resistance (flame, moderately wounded)
Okay, then.
Okay, then.
Aim the phial where?
Press: ? - help, Q - select action, (/) - cycle Shift-Dir - straight line, f - orc
Aim: an orc, wielding a +0 club and wearing a +0 leather armour The torrent of water hits the orc high priest.
The orc high priest is heavily wounded.
The orc high priest is knocked back by the torrent of water.
The wave splashes down.
The orc high priest is engulfed in water. x2
You hear a howl!
You block the rust devil's attack.
The orc high priest is engulfed in blazing flames.
Unknown command.
Cleave: R) +1 war axe (vorpal)
Press: ? - help, Dir - move target, f - rust devil, p - orc
Aim: a rust devil (heavily wounded, summoned, about 22% to evade your +1 vorpal war axe)
You barely miss the rust devil.
The rust devil is heavily wounded.
The orc priest casts a cantrip, but nothing happens.
The rust devil hits you.
* * * LOW HITPOINT WARNING * * *
The rust devil corrodes you!
Your ogre goes berserk!
Trog will no longer gift you weapons.
The orc priest mumbles some strange prayers to Beogh against you.
Pain shoots through your body!
You die...

...# ######..#
#@..∩#..# #.4O○#..#
#o)~)#..### ###
#°○☼)#..#.##
.....##o###.....##
.8.o...oo†.....#.##
....o##o###.......####
.... .4o #......###.##
### .3o #..#..###...#


You could see 3 orc high priests, an ice devil (summoned), a rust devil
(summoned, ally target), 2 orc priests, an orc and a friendly ogre (summoned,
berserk).

Vanquished Creatures
  Gastronok (Lair:1)
  The ghost of Smoke131 the Fighter, a journeyman DrFE of Vehumet (Lair:1)
  Josephine (D:12)
  A hydra (D:12)
  2 anacondas
  2 two-headed ogres
  A catoblepas (Lair:1)
  3 naga warriors
  4 naga sharpshooters
  4 shock serpents
  2 orc high priests (Orc:2)
  Sonja (Lair:2)
  Amaemon (Lair:2)
  Nergalle (Lair:2)
  3 sea snakes (Snake:2)
  A naga ritualist (Snake:2)
  An orc knight (Orc:2)
  7 harpies (Shoals:1)
  A mana viper (Snake:2)
  An orc sorcerer (Orc:2)
  An ugly thing (D:11)
  3 salamanders (Snake:1)
  3 manticores (Shoals:1)
  A faun (Shoals:1)
  12 black mambas
  A naga mage (Snake:2)
  A guardian serpent (Snake:1)
  3 cane toads
  A gargoyle (D:11)
  An orange demon (Lair:2)
  4 komodo dragons
  2 trolls
  2 hornets (D:8)
  A polar bear (Lair:1)
  2 merfolk (Shoals:1)
  6 blink frogs
  4 slime creatures (D:12)
  2 snapping turtles
  6 wraiths
  2 wyverns
  3 shadows
  19 yaks
  6 steam dragons
  A basilisk (Lair:2)
  3 vampire mosquitoes (D:10)
  22 nagas
  3 wargs (Orc:2)
  An acid dragon (D:12)
  5 water moccasins
  Duvessa (D:6)
  11 orc warriors
  3 sky beasts
  5 black bears
  8 wolves (Lair:2)
  3 centaurs
  2 ogres
  A phantom (D:5)
  2 kobold brigands
  3 bullfrogs
  3 scorpions
  9 wights
  Dowan (D:6)
  11 killer bees
  An electric eel (Snake:2)
  3 howler monkeys (D:9)
  2 hounds
  16 orc priests
  Jessica (D:2)
  Terence (D:2)
  5 iguanas
  12 orc wizards
  Natasha (D:3)
  8 adders
  3 gnolls (D:7)
  A shadow imp (D:5)
  A white imp (D:7)
  An ufetubus (D:7)
  2 worms
  2 dart slugs (D:3)
  63 orcs
  9 endoplasms
  2 giant cockroaches
  13 goblins
  11 hobgoblins
  10 jackals
  14 kobolds
  2 quokkas
  9 ball pythons
  4 bats
  4 frilled lizards
  6 rats
430 creatures vanquished.

Vanquished Creatures (collateral kills)
  A kraken (Shoals:1)
  A blink frog (Lair:2)
  12 wolves (Lair:2)
  2 tentacles (Shoals:1)
16 creatures vanquished.

Vanquished Creatures (others)
  10 demonic plants (D:2)
  29 fungi
  50 plants
  14 tentacles (Shoals:1)
  6 withered plants (D:2)
109 creatures vanquished.

Grand Total: 555 creatures vanquished

Notes
Turn   | Place    | Note
-------+----------+-------------------------------------------
     0 | D:1      | yourfavgirlally the Palentonga Berserker began the quest
                  | for the Orb.
     0 | D:1      | Reached XP level 1. HP: 19/19 MP: 1/1
   273 | D:1      | Reached XP level 2. HP: 15/25 MP: 2/2
  1459 | D:1      | You fall into a shaft and drop 1 floor!
  1562 | D:2      | Noticed Terence
  1570 | D:2      | Killed Terence
  1571 | D:2      | Reached XP level 3. HP: 32/32 MP: 3/3
  1867 | D:2      | Found a faded altar of an unknown god.
  1967 | D:2      | Reached ** piety under Trog
  2051 | D:2      | Noticed Jessica
  2053 | D:2      | Killed Jessica
  2054 | D:2      | Reached skill level 4 in Axes
  2054 | D:2      | Reached XP level 4. HP: 39/39 MP: 4/4
  2189 | D:2      | Found a bloodstained altar of Trog.
  2366 | D:3      | Found a basalt altar of Yredelemnul.
  2857 | D:3      | Noticed a black bear
  2860 | D:3      | Killed a black bear
  2861 | D:3      | Reached XP level 5. HP: 37/46 MP: 5/5
  3048 | D:3      | Reached skill level 5 in Fighting
  3048 | D:3      | Reached skill level 5 in Axes
  3055 | D:3      | Reached XP level 6. HP: 53/54 MP: 6/6
  3363 | D:3      | Found a hide-covered altar of Uskayaw.
  3452 | D:3      | Noticed Natasha
  3457 | D:3      | Killed Natasha
  4804 | D:4      | Reached skill level 6 in Axes
  4804 | D:4      | Gained mutation: You curl defensively after being hit. (AC
                  | +7*) [Palentonga growth]
  4804 | D:4      | Reached XP level 7. HP: 60/60 MP: 7/7
  4998 | D:4      | Reached *** piety under Trog
  5407 | D:5      | Entered Level 5 of the Dungeon
  5431 | D:5      | Found a sacrificial altar of Ru.
  6075 | D:5      | Reached skill level 7 in Axes
  6169 | D:5      | Found a shimmering altar of Xom.
  6705 | D:5      | Found a staircase to the Ecumenical Temple.
  6803 | D:5      | Identified a scroll of acquirement
  6803 | D:5      | Acquired a manual of Axes
  7012 | D:6      | Noticed a steam dragon
  7022 | D:6      | Killed a steam dragon
  7023 | D:6      | Reached skill level 8 in Axes
  7023 | D:6      | Reached XP level 8. HP: 32/71 MP: 8/8
  7917 | D:6      | Noticed Duvessa
  7917 | D:6      | Noticed Dowan
  7924 | D:6      | Killed Duvessa
  7926 | D:6      | Killed Dowan
  7927 | D:6      | Reached skill level 9 in Axes
  7963 | D:6      | Found a hazy altar of Hepliaklqana.
  8235 | D:7      | Reached skill level 10 in Axes
  8455 | D:7      | Reached skill level 11 in Axes
  8577 | D:7      | Reached XP level 9. HP: 79/79 MP: 9/9
  9021 | D:7      | Found an iron altar of Okawaru.
  9044 | D:7      | Reached skill level 1 in Shields
  9869 | D:8      | Found Ibiklev's Weapon Shoppe.
 10286 | D:8      | Noticed Erica
 10289 | D:8      | Paralysed by Erica for 2 turns
 10304 | D:8      | Paralysed by Erica for 3 turns
 10830 | D:8      | Reached skill level 5 in Shields
 10861 | D:8      | Found a stormy altar of Qazlal.
 11288 | D:8      | Found a broken altar of Ashenzari.
 11544 | D:8      | Found a shadowy altar of Dithmenos.
 12339 | D:9      | Reached XP level 10. HP: 85/85 MP: 10/10
 12830 | D:9      | Noticed a two-headed ogre
 12840 | D:9      | Killed a two-headed ogre
 13653 | D:9      | Acquired the +5 barding of the Glimmering Gods {rN+}
 13725 | D:10     | Entered Level 10 of the Dungeon
 13860 | D:10     | Reached skill level 10 in Shields
 14784 | D:11     | Noticed a green ugly thing
 14794 | D:11     | Killed a green ugly thing
 14795 | D:11     | Reached skill level 12 in Axes
 15071 | D:11     | Found Voathro's Distillery.
 15083 | D:11     | Bought a potion of heal wounds for 80 gold pieces
 15083 | D:11     | Bought a potion of heal wounds for 80 gold pieces
 15083 | D:11     | Bought 2 potions of heal wounds for 160 gold pieces
 15154 | D:11     | Noticed a two-headed ogre
 15157 | D:11     | Noticed a gargoyle
 15158 | D:11     | Killed a two-headed ogre
 15171 | D:11     | Killed a gargoyle
 15172 | D:11     | Reached XP level 11. HP: 61/95 MP: 11/11
 15390 | D:11     | Found Etaily's Assorted Antiques.
 15394 | D:11     | Bought a potion of curing for 81 gold pieces
 15452 | D:11     | Reached skill level 13 in Axes
 15463 | D:11     | Reached **** piety under Trog
 15980 | D:11     | Found Uklunt's Distillery.
 15990 | D:11     | Bought a potion of might for 52 gold pieces
 15990 | D:11     | Bought a potion of heal wounds for 65 gold pieces
 15990 | D:11     | Bought a potion of curing for 39 gold pieces
 15990 | D:11     | Bought a potion of curing for 39 gold pieces
 15990 | D:11     | Bought a potion of curing for 39 gold pieces
 15990 | D:11     | Bought a potion of heal wounds for 65 gold pieces
 16049 | D:11     | Found a staircase to the Lair.
 16136 | D:11     | Found Eqaxeuh's Weapon Shoppe.
 16897 | Lair:1   | Entered Level 1 of the Lair of Beasts
 16897 | Lair:1   | Found a runed translucent gate.
 16897 | Lair:1   | Found a runed translucent gate.
 16897 | Lair:1   | Found a runed translucent gate.
 16903 | Lair:1   | Noticed Smoke131's ghost (journeyman DrFE)
 17002 | Lair:1   | Noticed an oklob plant
 17143 | Lair:1   | Noticed an oklob plant
 17143 | Lair:1   | Noticed an oklob plant
 17145 | Lair:1   | Identified the ring "Samp" {rPois rF+++ rC+ Str+2 Int-3
                  | Slay+4}
 17154 | Lair:1   | You fall into a shaft and drop 1 floor!
 17179 | Lair:2   | Reached skill level 10 in Fighting
 17202 | Lair:2   | Reached skill level 14 in Axes
 17801 | Lair:2   | Noticed Nergalle
 17808 | Lair:2   | Killed Nergalle
 17868 | Lair:2   | Reached skill level 15 in Axes
 18057 | Lair:2   | Noticed Sonja
 18077 | Lair:2   | Killed Sonja
 18214 | Lair:2   | Reached XP level 12. HP: 88/109 MP: 12/12
 18358 | Lair:2   | Noticed Amaemon
 18369 | Lair:2   | Killed Amaemon
 19194 | Lair:3   | Found a staircase to the Snake Pit.
 19543 | Snake:1  | Entered Level 1 of the Snake Pit
 19588 | Snake:1  | Found Roetor's Magic Scroll Boutique.
 19588 | Snake:1  | Found Tizoplie's Antique Weapon Shop.
 19591 | Snake:1  | Found Zecoh's Weapon Boutique.
 19597 | Snake:1  | Noticed a naga warrior
 19614 | Snake:1  | Killed a naga warrior
 19867 | Snake:1  | Bought a scroll of identify for 30 gold pieces
 19867 | Snake:1  | Bought a scroll of identify for 30 gold pieces
 19867 | Snake:1  | Bought a scroll of identify for 30 gold pieces
 19867 | Snake:1  | Bought a scroll of identify for 30 gold pieces
 19879 | Snake:1  | Noticed a naga warrior
 19887 | Snake:1  | Killed a naga warrior
 20888 | Snake:1  | Noticed an anaconda
 20901 | Snake:1  | Killed an anaconda
 21277 | Snake:2  | Reached ***** piety under Trog
 21546 | Snake:2  | Noticed a naga warrior
 21554 | Snake:2  | Killed a naga warrior
 21555 | Snake:2  | Reached XP level 13. HP: 91/120 MP: 13/13
 21852 | Snake:2  | Reached skill level 5 in Armour
 21947 | Snake:2  | Received a gift from Trog
 22752 | Snake:2  | Noticed Vashnia
 24001 | Lair:3   | Found a staircase to the Shoals.
 24015 | Shoals:1 | Entered Level 1 of the Shoals
 24030 | Shoals:1 | Reached skill level 5 in Dodging
 24738 | Shoals:1 | Noticed a kraken
 25628 | Shoals:1 | Killed a kraken
 26486 | Lair:1   | Noticed Gastronok
 26499 | Lair:1   | Killed Gastronok
 26569 | Lair:1   | Killed Smoke131's ghost
 26641 | D:12     | Noticed Josephine
 26647 | D:12     | Killed Josephine
 26648 | D:12     | Reached XP level 14. HP: 123/128 MP: 14/14
 27042 | D:12     | Found a staircase to the Orcish Mines.
 27094 | Orc:1    | Entered Level 1 of the Orcish Mines
 27294 | Orc:2    | Entered Level 2 of the Orcish Mines
 27294 | Orc:2    | Found a staircase to the Elven Halls.
 28013 | Orc:2    | Found Nuruu's Armour Emporium.
 28045 | Orc:2    | HP: 6/128 [orc high priest/divine providence (12)]
 28050 | Orc:2    | Killed from afar by an orc priest

Illustrated notes

Levels and vault maps discovered:
D:1:      sevenhm_arrival_forest_fort_small_6, layout_basic,
          amcnicky_mini_pool_small
D:2:      layout_basic, basic_altar, shapermc_ecumenical_altar_gd,
          corexii_corridor_pit, uniq_jessica, uniq_terence
D:3:      layout_basic, mainiacjoe_overflow_24_doors, yredelemnul_altar_generic,
          uniq_natasha
D:4:      cheibrodos_greedy_goblins, layout_basic, kennysheep_decorative_pillar,
          grunt_ministairs_12
D:5:      layout_loops_cross, overflow_temple_1_default, lemuel_crystal_altar,
          minmay_temple_entry_drinking_statues
D:6:      layout_rooms, mainiacjoe_overflow_surrounded_room, uniq_duvessa
D:7:      cheibrodos_steamvent, layout_gridville,
          mainiacjoe_overflow_tiny_flanked
D:8:      layout_loops_corners, nicolae_dithmenos_the_darkroom,
          nicolae_qazlal_scattered_showers, lemuel_coloured_pillars_altar,
          serial_shops, nicolae_shop_hallway_plus, nrook_mini_backslash,
          uniq_erica
D:9:      layout_grid_maze, dreamdust_mushroom_princess,
          kennysheep_generic_room_11
D:10:     layout_grid_maze, minmay_misc_feat_room
D:11:     layout_loops_corners, lair_entry_dummy, serial_glass, glass_columns_a,
          glass_columns_c, serial_shops, kennysheep_mini,
          nicolae_shop_waterfront, nicolae_shop_hallway_plus, shop
D:12:     layout_loops_cross, minmay_orc_entry_temple_small, uniq_josephine
Lair:1:   minmay_lair_oklob_chamber, layout_concentric_octagons,
          ebering_ghost_rock_garden, hibernation_bobbens, uniq_gastronok
Lair:2:   layout_regular_city, uniq_amaemon, uniq_nergalle, uniq_sonja
Lair:3:   layout_loops_ring, minmay_shoals_entry_hut,
          minmay_snake_entry_guardpost_large
Shoals:1: layout_shoals
Snake:1:  layout_layer_cave, abandoned_shop, minmay_shop_star,
          grunt_megastairs_2
Snake:2:  layout_concentric_octagons, serial_bayou_ford_a, drop_trap,
          uniq_agnes, uniq_vashnia
Orc:1:    layout_caves
Orc:2:    st_orc_town, layout_diamond_mine

Skill      XL: |  1  2  3  4  5  6  7  8  9 10 11 12 13 14 |
---------------+-------------------------------------------+-----
Fighting       | 4 5 7 8 9 11 14 | 14.2
Axes           | 4 5 6 8 11 12 15 | 15.9
Shields        | 7 10 | 10.0
Armour         | 4 7 9 |  9.0
Dodging        | 7 |  7.0
Stealth        | |  0.4

Action                   |  1- 3 |  4- 6 |  7- 9 | 10-12 | 13-15 || total
-------------------------+-------+-------+-------+-------+-------++-------
Melee: Hand axe          |    75 |   148 |    85 |   448 |    14 ||   770
       Tailslap          |     9 |    16 |    30 |    65 |    53 ||   173
       Punch             |     1 |     3 |     1 |       |       ||     5
       War axe           |       |       |   148 |       |   345 ||   493
Invok: Berserk           |     1 |     5 |     8 |     8 |     8 ||    30
       Trog's Hand       |       |       |       |     1 |       ||     1
       Brothers in Arms  |       |       |       |       |     2 ||     2
 Abil: Rolling Charge    |    27 |    22 |    31 |    41 |    32 ||   153
Evoke: Phial of floods   |       |       |       |       |     1 ||     1
  Use: Scroll            |     2 |     4 |    11 |    21 |     9 ||    47
       Potion            |       |       |       |    10 |     9 ||    19
Armor: Animal skin       |     9 |       |       |       |       ||     9
       Leather armour    |    17 |       |       |       |       ||    17
       Scale mail        |     9 |    64 |    44 |       |       ||   117
       Plate armour      |       |       |    57 |   200 |   243 ||   500
Dodge: Dodged            |    39 |    44 |    61 |    43 |    76 ||   263
Block: Other             |       |       |     7 |       |       ||     7
       Kite shield       |       |       |    71 |   348 |   397 ||   816
       Reflection        |       |       |     1 |    16 |    16 ||    33
